Map: Lost and Found LE

Players

liquidthermy (uThermal)

  • Race: Terran Terran
  • League: Master
  • Spawn Location: 1:00

ShoWTimE - Winner!

  • Race: Protoss Protoss
  • Spawn Location: 7:00

Event: HomeStory Cup XVIII

VOD

Have the link to the VOD?

Description

Time

  • Played on: Nov. 22, 2018, 10:49 a.m.
  • Length: 16:20

All games in this series

Show
View Real Time Build Order
Export as new Build Order

liquidthermy Terran 

Build Orders:  

Get SALT Encoding   

  12  0:01  SCV  
  13  0:13  SCV  
  14  0:17  Supply Depot  
  14  0:25  SCV  
  15  0:38  SCV  
  15  0:40  Barracks  
  16  0:50  SCV  
  17  1:03  SCV  
  18  1:04  Refinery  
  18  1:15  SCV  
  19  1:26  Marine  
  19  1:27  Orbital Command  
  20  1:37  Command Center  
  20  1:46  Barracks Reactor  
  20  1:49  Supply Depot  
  20  1:53  SCV  
  21  2:02  Barracks  
  21  2:05  SCV  
  22  2:15  Barracks  
  22  2:19  SCV  
  23  2:23  Marine x2  
  25  2:33  SCV  
  25  2:41  Marine x2  
  27  2:46  SCV  
  27  2:49  Orbital Command  
  27  2:50  Barracks Tech Lab  
  28  2:52  Engineering Bay  
  28  2:58  Marine, SCV  
  29  3:00  Marine  
  29  3:02  Marine  
  32  3:10  Stimpack, SCV  
  33  3:16  SCV  
  33  3:17  Marine  
  35  3:22  Terran Infantry Weapons Level 1, SCV  
  35  3:24  Marine  
  37  3:28  SCV  
  37  3:29  Marine  
  37  3:31  Marine  
  40  3:34  Supply Depot, SCV  
  40  3:37  Marine  
  40  3:40  SCV  
  43  3:44  Bunker  
  43  3:45  Marine  
  43  3:46  SCV  
  45  3:49  Missile Turret  
  45  3:53  Supply Depot  
  45  3:54  Barracks Tech Lab  
  46  3:55  SCV  
  46  3:57  Marine  
  46  3:59  Marine  
  48  4:03  Marine  
  48  4:05  SCV  
  48  4:07  SCV  
  51  4:11  Combat Shield  
  51  4:13  Marine  
  51  4:15  Supply Depot, Marine  
  53  4:17  SCV  
  53  4:19  Marine  
  53  4:21  SCV  
  56  4:26  Supply Depot, Marine  
  56  4:29  SCV  
  58  4:33  SCV  
  58  4:35  Marine, Marauder  
  58  4:37  Marine  
  63  4:41  Missile Turret  
  63  4:42  SCV  
  63  4:44  Marine  
  64  4:53  Marine, SCV  
  64  4:54  SCV  
  64  4:55  Marauder  
  64  4:57  Marauder  
  64  4:58  Refinery  
  71  5:00  Factory  
  71  5:01  Refinery  
  71  5:05  SCV  
  72  5:07  Marine  
  72  5:08  SCV  
  72  5:12  Supply Depot, Marine  
  75  5:15  Supply Depot  
  75  5:17  Marine, SCV  
  75  5:20  SCV  
  78  5:28  Command Center  
  78  5:33  Marine x2  
  78  5:34  Marine  
  81  5:38  Marine  
  76  5:52  Marine x2  
  76  5:55  Starport  
  65  6:00  SCV x2  
  65  6:01  Factory, Refinery  
  65  6:03  Barracks Reactor x2  
  67  6:07  Siege Tank  
  67  6:09  Marine  
  71  6:12  SCV  
  71  6:13  SCV  
  73  6:19  Marine, Barracks  
  73  6:20  Barracks  
  73  6:23  Terran Infantry Armor Level 1  
  73  6:25  SCV  
  74  6:27  Marine  
  74  6:28  SCV  
  74  6:32  Supply Depot  
  76  6:36  Marine  
  76  6:37  SCV  
  78  6:40  SCV  
  78  6:45  Siege Tank, Barracks Reactor  
  78  6:46  Marine x3  
  85  6:49  SCV  
  85  6:50  Missile Turret  
  85  6:53  SCV  
  87  6:54  Marine  
  87  6:56  Orbital Command  
  87  7:01  SCV  
  87  7:03  Marine  
  87  7:04  Marine x2  
  87  7:05  SCV  
  87  7:06  Supply Depot  
  87  7:07  Siege Tank  
  94  7:11  Barracks Reactor x2  
  94  7:12  Marine  
  94  7:13  SCV  
  96  7:17  SCV  
  96  7:19  Armory  
  96  7:21  Marine x2  
  96  7:22  Siege Tank  
  102  7:25  SCV  
  102  7:28  Refinery  
  103  7:30  Supply Depot, Refinery, SCV  
  103  7:32  SCV  
  103  7:33  Marine  
  103  7:35  Marine x2  
  108  7:37  SCV  
  108  7:41  Siege Tank  
  108  7:42  SCV  
  112  7:45  Supply Depot, Marine x2  
  112  7:46  Marine  
  115  7:53  SCV  
  115  7:54  Marine  
  115  7:56  Missile Turret x2  
  115  7:57  Missile Turret  
  115  7:58  Siege Tank  
  120  7:59  Marine x2  
  120  8:01  SCV  
  120  8:02  Marine, SCV  
  125  8:06  Marine x2  
  125  8:07  Supply Depot  
  125  8:09  Medivac  
  125  8:12  Marine, Medivac  
  132  8:15  Marine x2  
  132  8:16  Marine  
  132  8:17  Marine  
  135  8:23  Marine, Siege Tank  
  135  8:25  Marine  
  135  8:26  Terran Vehicle Weapons Level 1  
  139  8:28  Supply Depot  
  139  8:29  Supply Depot  
  139  8:31  Terran Infantry Weapons Level 2  
  139  8:32  Marine  
  139  8:34  Marine  
  139  8:36  Marine x2  
  139  8:39  Medivac  
  143  8:41  Marine  
  143  8:42  Medivac  
  143  8:45  Supply Depot, Marine x3  
  143  8:46  Marine  
  149  8:49  Marine  
  149  8:50  Marine  
  149  8:52  Siege Tank  
  149  8:53  Marine x2  
  156  8:57  Supply Depot, Marine  
  157  9:04  Marine x3, Siege Tank  
  157  9:05  Marine  
  157  9:09  Medivac  
  166  9:10  Supply Depot  
  166  9:16  Marine x2, Medivac  
  169  9:18  Marine  
  169  9:20  Marine  
  169  9:22  Marine  
  169  9:23  Supply Depot  
  171  9:25  Marine  
  171  9:30  Siege Tank, Sensor Tower  
  171  9:31  Marine x3  
  178  9:39  Supply Depot, Marine x2, Medivac  
  178  9:44  Marine x2, Siege Tank  
  186  9:47  Marine x2  
  186  9:49  Marine, Medivac  
  186  9:52  Marine  
  192  9:58  Marine  
  191  10:00  Marine  
  192  10:09  Medivac  
  192  10:19  Marine x2, Siege Tank  
  192  10:21  Marine  
  196  10:26  Marine, Siege Tank  
  200  10:39  Marine  
  200  10:41  Marine x5  
  192  10:51  Marine, Siege Tank  
  192  10:54  Marine  
  192  10:56  Marine  
  143  10:57  Marine x2  
  143  10:58  Siege Tank  
  143  10:59  Marine x3  
  143  11:01  Marine x2  
  139  11:06  Viking  
  139  11:07  Factory x3  
  139  11:09  Marine  
  139  11:10  Viking  
  140  11:12  Marine  
  132  11:20  Marine  
  132  11:21  Marine  
  132  11:22  Liberator x2  
  132  11:23  Siege Tank  
  132  11:24  Marine  
  117  11:28  Marine x3  
  117  11:29  Marine  
  117  11:30  Marine x2, Siege Tank  
  125  11:40  Marine x3  
  125  11:43  Marine  
  131  11:49  Marine  
  131  11:50  Marine  
  131  11:52  Factory Tech Lab x2  
  131  11:53  Factory Tech Lab  
  133  11:55  Siege Tank  
  136  12:02  Siege Tank  
  136  12:06  Marine, Command Center  
  140  12:14  Marine x2  
  142  12:16  Siege Tank  
  142  12:19  Marine x2  
  147  12:23  Marine  
  147  12:27  Siege Tank  
  147  12:29  Marine x2  
  151  12:33  Marine  
  151  12:35  Siege Tank, SCV x2  
  151  12:36  SCV  
  159  12:38  Supply Depot x2  
  159  12:39  Supply Depot  
  159  12:42  Terran Vehicle Weapons Level 2  
  159  12:48  Marine x3  
  159  12:50  Marine  
  163  12:56  Marine x2  
  164  12:59  Siege Tank  
  164  13:00  Marine x2  
  169  13:05  Marine  
  169  13:06  Marine  
  169  13:07  Marine x2  
  169  13:09  Marine x2  
  175  13:17  Siege Tank  
  175  13:19  Siege Tank  
  178  13:25  Marine, Siege Tank  
  179  13:38  Siege Tank  
  179  13:41  Marine x2  
  178  13:43  Planetary Fortress, Siege Tank  
  178  13:45  Marine  
  178  13:48  Marine x2  
  181  13:49  Marine  
  181  13:54  Marine, Siege Tank  
  188  14:05  Marine, Siege Tank  
  188  14:07  Marine x2  
  194  14:13  Marine, Siege Tank  
  194  14:14  Marine  
  197  14:21  Marine  
  197  14:24  Siege Tank  
  183  14:27  Siege Tank  
  183  14:28  Marine  
  183  14:29  Marine  
  183  14:30  Marine x2  
  183  14:31  Marine x2  
  146  14:32  Marine x3  
  146  14:37  Siege Tank  
  128  14:39  Marine  
  128  14:40  Refinery  
  128  14:42  Refinery  
  129  14:46  Marine  
  129  14:47  Marine x2  
  129  14:48  Marine x2  
  129  14:49  Marine x3  
  129  14:51  Marine  
  138  14:57  Marine  
  138  14:59  Siege Tank  
  142  15:00  Siege Tank  
  142  15:04  Marine  
  142  15:05  Marine x2  
  148  15:09  Supply Depot  
  148  15:10  Supply Depot  
  130  15:17  Marine x2  
  130  15:18  Marine  
  104  15:22  Siege Tank  
  104  15:24  Siege Tank  
  104  15:25  Marine  
  104  15:26  Marine  
  104  15:28  Marine  
  102  15:40  Marine x2  
  102  15:42  Siege Tank  
  100  15:46  Marine  
  98  15:56  Marine x2  
  103  15:59  Marine  
  103  16:01  Marine  
Show
View Real Time Build Order
Export as new Build Order

ShoWTimE Protoss - Winner!

Build Orders: 1 Gate Expand, Oracle Opening, Colossus Rush 

Get SALT Encoding   

  12  0:00  Probe  
  13  0:12  Probe  
  14  0:16  Pylon  
  14  0:23  Probe  
  15  0:31  Probe  
  15  0:37  Gateway  
  15  0:39  Probe  
  16  0:45  Assimilator  
  17  0:51  Probe  
  18  1:03  Probe  
  19  1:15  Probe  
  20  1:23  Nexus  
  20  1:34  Cybernetics Core  
  20  1:37  Probe  
  21  1:41  Assimilator  
  21  1:49  Probe  
  21  1:52  Pylon  
  22  2:01  Probe  
  23  2:02  Adept  
  23  2:13  Probe  
  26  2:16  Stargate  
  26  2:23  Warp Gate  
  26  2:25  Probe  
  26  2:28  Adept  
  29  2:32  Probe  
  29  2:34  Probe  
  30  2:41  Probe  
  30  2:42  Probe  
  31  2:49  Probe  
  33  2:51  Probe  
  35  3:00  Oracle  
  35  3:02  Probe  
  35  3:03  Probe  
  35  3:04  Adept  
  42  3:14  Probe  
  42  3:17  Pylon  
  43  3:22  Assimilator, Robotics Facility  
  43  3:26  Probe, Assimilator  
  44  3:28  Probe  
  45  3:36  Probe  
  45  3:38  Pylon, Probe  
  47  3:44  Probe  
  47  3:47  Gateway  
  47  3:50  Probe  
  47  3:52  Shield Battery  
  47  3:55  Probe  
  50  4:03  Probe  
  50  4:07  Probe  
  50  4:09  Pylon  
  52  4:10  Observer  
  52  4:15  Robotics Bay, Probe  
  54  4:17  Gateway  
  54  4:19  Probe  
  54  4:21  Pylon, Immortal  
  59  4:34  Sentry  
  61  4:43  Pylon  
  61  4:45  Colossus  
  61  4:50  Nexus  
  61  4:51  Probe  
  61  4:52  Probe  
  63  5:03  Extended Thermal Lance  
  63  5:05  Probe  
  63  5:06  Probe  
  71  5:09  Sentry  
  71  5:11  Zealot  
  75  5:16  Sentry  
  75  5:19  Probe x2  
  79  5:22  Shield Battery, Pylon  
  79  5:33  Probe  
  79  5:35  Colossus, Probe  
  83  5:50  Stalker x3  
  83  5:51  Probe  
  83  5:52  Probe  
  83  6:00  Forge  
  83  6:02  Forge  
  83  6:03  Probe x2  
  85  6:05  Probe  
  86  6:12  Twilight Council  
  86  6:14  Sentry  
  86  6:15  Probe  
  86  6:16  Probe  
  86  6:17  Probe  
  86  6:18  Colossus  
  91  6:20  Protoss Ground Armor Level 1  
  91  6:22  Pylon  
  91  6:25  Zealot x2  
  95  6:27  Probe  
  95  6:28  Probe  
  95  6:29  Probe  
  95  6:30  Protoss Ground Weapons Level 1  
  98  6:38  Pylon  
  104  6:43  Blink  
  104  6:44  Pylon  
  104  6:57  Gateway  
  104  7:01  Gateway, Zealot  
  104  7:02  Zealot x2  
  104  7:03  Immortal  
  110  7:09  Gateway  
  110  7:11  Pylon  
  110  7:14  Pylon  
  114  7:18  Gateway  
  114  7:23  Gateway, Probe x2  
  114  7:25  Assimilator  
  114  7:26  Pylon  
  114  7:29  Assimilator  
  116  7:35  Pylon  
  116  7:37  Immortal  
  116  7:42  Pylon  
  116  7:43  Stalker x3  
  126  8:01  Protoss Ground Armor Level 2  
  126  8:04  Gateway  
  126  8:05  Gateway  
  126  8:06  Probe  
  127  8:14  Charge  
  127  8:15  Colossus  
  127  8:17  Pylon, Stalker x5  
  142  8:28  Protoss Ground Weapons Level 2  
  142  8:31  Probe  
  143  8:43  Nexus  
  143  8:45  Pylon  
  143  8:52  Zealot  
  143  8:53  Zealot x4  
  153  8:57  Templar Archives  
  153  9:07  Zealot x3  
  153  9:09  Warp Prism  
  161  9:10  Pylon  
  161  9:12  Observer  
  161  9:24  Zealot x5  
  169  9:29  Pylon  
  169  9:30  Zealot  
  169  9:31  Zealot x2  
  176  9:44  Photon Cannon  
  177  9:46  Observer  
  177  9:48  High Templar x5  
  177  9:52  Archon x2  
  187  9:53  High Templar  
  187  9:54  Zealot x2  
  187  9:57  Archon  
  193  10:12  Protoss Ground Armor Level 3  
  189  10:15  Stalker x2  
  187  10:28  Stalker x6  
  199  10:36  Photon Cannon  
  199  10:38  Photon Cannon  
  197  10:43  Zealot  
  197  10:49  Zealot  
  189  10:55  Zealot x4  
  189  10:56  Zealot  
  147  10:57  Zealot  
  147  11:00  Protoss Ground Weapons Level 3  
  146  11:04  Zealot  
  146  11:07  Probe x3  
  146  11:08  Probe  
  146  11:10  Zealot  
  131  11:22  Zealot x6  
  121  11:31  Colossus  
  121  11:32  Probe x3  
  124  11:34  Probe  
  125  11:40  High Templar x2  
  125  11:44  Nexus, Probe x2  
  125  11:46  Pylon, Archon  
  137  11:47  Stalker x3  
  137  11:51  Zealot  
  145  11:58  Probe x4  
  149  12:01  Pylon  
  149  12:04  Zealot x2  
  153  12:10  Probe  
  153  12:11  Stalker x2  
  154  12:23  Immortal  
  154  12:25  Probe x4  
  156  12:30  Gateway  
  156  12:32  Gateway  
  156  12:34  High Templar x4  
  168  12:38  Archon x2  
  168  12:42  Photon Cannon, Zealot x2  
  168  12:44  Assimilator  
  172  12:45  Zealot  
  172  12:46  Zealot  
  172  12:49  Assimilator  
  176  13:01  Gateway  
  176  13:02  Gateway  
  176  13:04  Phoenix  
  173  13:07  Stalker x4  
  173  13:09  Probe x2  
  173  13:11  Protoss Shields Level 1, Probe  
  184  13:13  Probe  
  184  13:15  Probe  
  186  13:21  Probe  
  186  13:26  Zealot x2  
  191  13:31  Probe x3  
  191  13:32  Probe  
  191  13:33  Stalker x2  
  197  13:36  Zealot  
  197  13:40  Psionic Storm  
  199  14:07  Photon Cannon  
  199  14:09  Photon Cannon x2  
  199  14:10  Photon Cannon  
  199  14:13  Photon Cannon  
  199  14:16  Photon Cannon  
  195  14:19  Shield Battery  
  195  14:22  Zealot x5, Assimilator  
  195  14:23  Zealot x5  
  191  14:25  Zealot  
  191  14:27  Assimilator  
  153  14:35  Zealot  
  153  14:36  Colossus  
  141  14:50  High Templar x10  
  167  14:54  Archon x2  
  167  14:55  Archon x2  
  167  14:56  Zealot  
  167  14:59  Zealot  
  151  15:18  Zealot  
  151  15:20  Colossus, Zealot  
  111  15:29  Stalker x5  
  111  15:30  Zealot x6  
  125  15:42  Pylon  
  125  15:44  Zealot  
  115  15:50  Nexus  
  115  15:53  Zealot x8  
  115  15:55  High Templar x3  
  137  16:00  Archon  
  137  16:10  Zealot  
  139  16:15  Zealot x5  
  139  16:18  Zealot x3  
Tags
 
Add a new tag
Caveats
  • Supply blocks, unpowered buildings, or Contaminate may cause inaccurate times.
  • Supply counts are checked every 10 seconds.